 Dungeon Crawl Stone Soup version 0.20.0-10-g0535bb4 (webtiles) character file.

686 Kriby the Cleaver (level 7, -2/66 HPs)
             Began as a Hill Orc Fighter on June 5, 2017.
             Was a Follower of Trog.
             Slain by a wight
             ... wielding a cursed +4 spear of freezing
              (4 damage)
             ... on level 5 of the Dungeon.
             The game lasted 00:02:06 (2734 turns).

Kriby the Cleaver (Hill Orc Fighter)                Turns: 2734, Time: 00:02:07

Health: -2/66      AC: 10    Str: 21    XL:     7   Next: 62%
Magic:  7/7        EV:  3    Int:  8    God:    Trog [*.....]
Gold:   217        SH:  8    Dex: 10    Spells: 6/6 levels left

rFire    . . .     SeeInvis .   a - +0 war axe
rCold    . . .     Gourm    .   c - +0 shield
rNeg     . . .     Faith    .   l - +0 plate armour
rPois    .         Spirit   .   (no helmet)
rElec    .         Reflect  .   (no cloak)
rCorr    .         Harm     .   (no gloves)
MR       .....                  (no boots)
Stlth    ..........             (no amulet)
Regen    0.3/turn               (no ring)
MPRegen  0.1/turn               (no ring)

@: heavily drained
A: no striking features
a: Berserk, Burn Spellbooks, Renounce Religion


You were on level 5 of the Dungeon.
You worshipped Trog.
Trog was aware of your devotion.
You were very hungry.

You visited 1 branch of the dungeon, and saw 5 of its levels.

You collected 217 gold pieces.

Inventory:

Hand Weapons
 a - a +0 war axe (weapon)
Armour
 c - a +0 shield (worn)
 l - a +0 plate armour (worn)
Scrolls
 e - a scroll of teleportation {unknown}
 i - a scroll of enchant armour {unknown}
 j - 3 scrolls of identify {unknown}
 k - a scroll of remove curse {unknown}
 q - a scroll of enchant weapon {unknown}
Potions
 d - a potion of might
 g - 2 potions of ambrosia {unknown}
 h - a potion of magic {unknown}
 m - a potion of curing {unknown}
 n - a potion of haste {unknown}
 o - a potion of brilliance {unknown}
 p - a potion of flight {unknown}
 r - a potion of experience {unknown}
Comestibles
 b - 3 meat rations
 f - 3 bread rations


   Skills:
 + Level 7.0(5.2) Fighting
 * Level 8.8(6.9) Axes
 - Level 3.2(1.7) Armour
 - Level 3.2(1.7) Shields


You had 6 spell levels left.
You didn't know any spells.

Dungeon Overview and Level Annotations

Branches:
Dungeon (5/15)             Temple (0/1) D:4

Altars:
Dithmenos
Gozag
Trog


Message History

Trog accepts your kill.
You can now go berserk at will.
Your base Fighting skill increases to level 7!
The wight hits you but does no damage.
The wight hits you from afar with a spear of freezing.
* * * LOW HITPOINT WARNING * * *
The wight freezes you.
* * * LOW HITPOINT WARNING * * *
You closely miss the wight.
The wight is heavily damaged.
The wight hits you but does no damage.
The wight hits you from afar with a spear of freezing.
* * * LOW HITPOINT WARNING * * *
You feel drained.
* * * LOW HITPOINT WARNING * * *
The wight freezes you.
* * * LOW HITPOINT WARNING * * *
You closely miss the wight.
The wight is heavily damaged.
The wight hits you from afar with a spear of freezing.
You die...

#....... #....=..
#......# #......# ..
#..$zz.# ... #.....z#
.... ######.#
....#########.#
..........@zz.#
........#######
#.......#
#.......###############
#.#...................#
# ###################.#
#.# #.# #.#


You could see 2 wights.

Vanquished Creatures
  A phantom (D:3)
  2 scorpions (D:4)
  A wight (D:5)
  A howler monkey (D:4)
  A crimson imp (D:3)
  2 orc priests (D:4)
  2 bullfrog skeletons (D:4)
  A hound (D:4)
  An orc wizard (D:3)
  Natasha (twice) (D:2)
  2 worker ants (D:4)
  4 adders
  An ooze (D:4)
  A dart slug (D:3)
  A leopard gecko (D:1)
  16 orcs
  5 giant cockroaches
  5 goblins
  8 hobgoblins
  7 jackals
  A quokka (D:2)
  3 bats
  4 frilled lizards
  3 kobolds
  3 rats
78 creatures vanquished.

Notes
Turn   | Place    | Note
-------+----------+-------------------------------------------
     0 | D:1      | Kriby the Hill Orc Fighter began the quest for the Orb.
     0 | D:1      | Reached XP level 1. HP: 19/19 MP: 1/1
    20 | D:1      | Reached skill level 3 in Axes
    27 | D:1      | Reached XP level 2. HP: 27/27 MP: 2/2
   155 | D:1      | You fall through a shaft!
   400 | D:2      | Reached XP level 3. HP: 33/33 MP: 3/3
   407 | D:2      | Reached skill level 4 in Axes
   447 | D:2      | Noticed Natasha
   456 | D:2      | Killed Natasha
   671 | D:2      | Reached XP level 4. HP: 41/41 MP: 4/4
   834 | D:2      | Noticed Natasha
   843 | D:2      | Killed Natasha
   843 | D:2      | Reached skill level 5 in Axes
  1030 | D:3      | Reached skill level 5 in Fighting
  1030 | D:3      | Reached XP level 5. HP: 39/48 MP: 5/5
  1135 | D:3      | Reached skill level 6 in Axes
  1335 | D:3      | Noticed a phantom
  1355 | D:3      | Killed a phantom
  1355 | D:3      | Reached XP level 6. HP: 38/57 MP: 6/6
  1527 | D:3      | Found a bloodstained altar of Trog.
  1683 | D:3      | Became a worshipper of Trog the Wrathful
  1741 | D:4      | Reached skill level 7 in Axes
  1911 | D:4      | Found an opulent altar of Gozag.
  2004 | D:4      | Reached XP level 7. HP: 41/64 MP: 7/7
  2010 | D:4      | Reached skill level 8 in Axes
  2326 | D:4      | Found a shadowy altar of Dithmenos.
  2609 | D:4      | Found a staircase to the Ecumenical Temple.
  2659 | D:5      | Entered Level 5 of the Dungeon
  2732 | D:5      | Reached * piety under Trog
  2733 | D:5      | HP: 3/66 [wight/spear of freezing (1)]
  2734 | D:5      | Slain by a wight

Skill      XL: |  1  2  3  4  5  6  7 |
---------------+----------------------+-----
Axes           | 3 4 5 6 7 8 |  8.8
Fighting       | 4 5 6 7 |  7.0
Armour         | |  3.2
Shields        | |  3.2

Action                   |  1- 3 |  4- 6 |  7- 9 || total
-------------------------+-------+-------+-------++-------
Melee: War axe           |    69 |   154 |    62 ||   285
  Eat: Chunk             |       |     2 |     3 ||     5
Armor: Scale mail        |    36 |     7 |       ||    43
       Plate armour      |       |    77 |    31 ||   108
Dodge: Dodged            |    23 |    22 |     9 ||    54
Block: Shield            |    31 |    65 |    25 ||   121
